 Dungeon Crawl Stone Soup version 0.28.0-43-g3370ac3207 (webtiles) character file.

Game seed: 14744635972284121937

25 terff the Shield-Bearer (level 3, -3/33 HPs)
             Began as a Hill Orc Fighter on Apr 1, 2022.
             Shot with a sling bullet by a goblin (8 damage)
             ... on level 2 of the Dungeon.
             The game lasted 00:02:25 (1327 turns).

terff the Shield-Bearer (Hill Orc Fighter)          Turns: 1327, Time: 00:02:26

Health: -3/33      AC:  6    Str: 18    XL:     3   Next: 6%
Magic:  3/3        EV:  9    Int:  8    God:
Gold:   53         SH:  5    Dex: 12    Spells: 2/2 levels left

rFire   . . .      SeeInvis .   a - +0 war axe
rCold   . . .      Faith    .   c - +0 buckler
rNeg    . . .      Spirit   .   b - +0 scale mail
rPois   .          Reflect  .   (no helmet)
rElec   .          Harm     .   (no cloak)
rCorr   .          Rampage  .   (no gloves)
Will    .....                   (no boots)
Stlth   ..........              (no amulet)
HPRegen 0.11/turn               (no ring)
MPRegen 0.08/turn               (no ring)

@: no status effects
A: no striking features
a: no special abilities


You were on level 2 of the Dungeon.
You visited 1 branch of the dungeon, and saw 2 of its levels.

You collected 53 gold pieces.

Inventory:

Hand Weapons
 a - a +0 war axe (weapon)
Armour
 b - a +0 scale mail (worn)
 c - a +0 buckler (worn)
Scrolls
 e - a scroll of torment {unknown}
 g - 2 scrolls of enchant weapon {unknown}
Potions
 d - 2 potions of might


   Skills:
 + Level 3.8 Fighting
 + Level 3.2 Axes
 + Level 3.3 Armour
 + Level 0.2 Dodging
 + Level 3.9 Shields


You had 2 spell levels left.
You didn't know any spells.
Your spell library was empty.

Dungeon Overview and Level Annotations

Branches:
Dungeon (2/15)

Altars:


Message History

A kobold comes into view. It is wielding a +0 whip.
Found 16 gold pieces.
The kobold shouts!
A goblin comes into view. It is wielding a +0 dagger.
The kobold throws a stone.
The stone barely misses you.
Found 21 stones.
The goblin shouts!
The goblin unwields a +0 dagger.
The goblin wields a +1 hunting sling of flaming.
It bursts into flame!
The goblin shoots a sling bullet.
You block the sling bullet.
The kobold throws a stone.
The stone hits you but does no damage.
The goblin shoots a sling bullet.
The sling bullet barely misses you.
The kobold throws a stone.
The stone hits you but does no damage.
The goblin shoots a sling bullet.
The sling bullet hits you! The sling bullet burns you.
The goblin shoots a sling bullet.
You block the sling bullet.
The goblin shoots a sling bullet.
The sling bullet closely misses you.
The goblin shoots a sling bullet.
The sling bullet barely misses you. You block the kobold's attack.
You barely miss the kobold.
The goblin shoots a sling bullet.
The sling bullet hits you. The sling bullet burns you.
The kobold hits you but does no damage. The kobold hits you with a +0 whip.
The goblin shoots a sling bullet.
The sling bullet barely misses you.
You closely miss the kobold.
The goblin shoots a sling bullet.
You block the sling bullet. The kobold hits you with a +0 whip.
You closely miss the kobold. The kobold barely misses you.
You completely miss the kobold.
The goblin shoots a sling bullet.
The sling bullet hits you. The sling bullet burns you.
* * * LOW HITPOINT WARNING * * *
The kobold hits you but does no damage. You block the kobold's attack.
The goblin shoots a sling bullet.
The sling bullet hits you but does no damage.
You closely miss the kobold.
The goblin shoots a sling bullet.
You block the sling bullet. The kobold hits you with a +0 whip.
* * * LOW HITPOINT WARNING * * *
You slash the kobold!
You kill the kobold!
The goblin shoots a sling bullet.
The sling bullet hits you!
You die...

####+#### #.......#
. #.......# ..
#.......#
...#....?..#
...........#########
.....g$)............
#..(@...........#
#######.........#
#.........#
####.........#
#.....########
#.....# #.....#
#.....########
#.............


You could see a goblin.

Vanquished Creatures
  A dart slug (D:1)
  2 bats
  2 endoplasms
  A giant cockroach (D:1)
  3 hobgoblins
  2 jackals (D:1)
  A ball python (D:1)
  2 frilled lizards (D:1)
  3 goblins (D:1)
  4 kobolds
  2 rats (D:1)
23 creatures vanquished.

Notes
Turn   | Place    | Note
-------+----------+-------------------------------------------
     0 | D:1      | terff the Hill Orc Fighter began the quest for the Orb.
     0 | D:1      | Reached XP level 1. HP: 19/19 MP: 1/1
   158 | D:1      | Found a faded altar of an unknown god.
   309 | D:1      | Reached XP level 2. HP: 27/27 MP: 2/2
  1147 | D:2      | Reached XP level 3. HP: 29/33 MP: 3/3
  1327 | D:2      | Shot with a sling bullet by a goblin

Illustrated notes

Levels and vault maps discovered:
D:1:      ncdulo_smallfort, layout_loops_cross, ebering_ecumenical_altar_webs,
          minmay_misc_feat_four_crosses, hangedman_glass_teeth,
          minmay_misc_feat_x
D:2:      layout_basic, uniq_crazy_yiuf_cottage, uniq_sigmund

Skill      XL: |  1  2 |
---------------+-------+-----
Axes           | 3 |  3.2
Fighting       | |  3.8
Armour         | |  3.3
Dodging        | |  0.2
Shields        | |  3.9

Action                   || total
-------------------------++-------
Melee: War axe           ||    71
  Use: Scroll            ||     2
Armor: Scale mail        ||    39
Dodge: Dodged            ||    36
Block: Buckler           ||    21
